 Dungeon Sprint DCSS version 0.24-a0-525-g9231cdcba1 (webtiles) character file.

Game seed: 2395789681214186577

0 Atelerd the Shield-Bearer (level 2, 0/20 HPs)
             Began as a Gargoyle Fighter on Aug 2, 2019.
             Slain by a water moccasin (1 damage)
             ... in the Dungeon (Sprint VI: "Thunderdome").
             The game lasted 00:00:39 (71 turns).

Atelerd the Shield-Bearer (Gargoyle Fighter)          Turns: 71, Time: 00:00:39

Health: 0/20       AC:  9    Str: 19    XL:     2   Next: 12%
Magic:  2/2        EV:  7    Int:  8    God:
Gold:   200        SH:  9    Dex:  9    Spells: 1/1 levels left

rFire    . . .     SeeInvis .     - Unarmed
rCold    . . .     Gourm    .   b - +0 shield
rNeg     + . .     Faith    .   a - +0 scale mail
rPois    ∞         Spirit   .   (no helmet)
rElec    +         Reflect  .   (no cloak)
rCorr    .         Harm     .   (no gloves)
MR       .....     NoTele   +   (no boots)
Stlth    ..........             (no amulet)
HPRegen  0.06/turn              (no ring)
MPRegen  0.08/turn              (no ring)

@: no status effects
A: negative energy resistance 1, electricity resistance, unbreathing,
petrification resistance, rot immunity, AC +2
a: no special abilities


You were in the Dungeon.
You were not hungry.

You visited 1 branch You collected 200 gold pieces.

Inventory:

Armour
 a - a +0 scale mail (worn)
 b - a +0 shield (worn)
Wands
 k - a wand of acid (5)
 l - a wand of iceblast (5)
Scrolls
 j - 4 scrolls of blinking
 m - 3 scrolls of fog
Potions
 c - a potion of might
 e - a potion of curing
 f - 4 potions of heal wounds
 g - 4 potions of haste
 h - 2 potions of magic
 i - a potion of berserk rage
 n - a potion of resistance
Comestibles
 d - a ration


   Skills:
 + Level 4.0 Fighting
 + Level 4.1 Armour
 + Level 4.1 Shields
 + Level 2.3 Unarmed Combat


You had one spell level left.
You didn't know any spells.
Your spell library was empty.

Dungeon Overview and Level Annotations

Branches:
Dungeon (1/1)

Altars:
Dithmenos
Fedhas
Gozag
Makhleb
Okawaru
Ru
Trog
Vehumet
Wu Jian
Xom
Yredelemnul
The Shining One
Beogh
Jiyva
Lugonu

Shops:
D *[%?**[(


Innate Abilities, Weirdness & Mutations

You are resistant to torment.
Your stone body is resilient. (AC +2)
You are immune to poison.
You resist negative energy. (rN+)
You are resistant to electric shocks. (rElec)
You can survive without breathing.
You are immune to petrification.
You are immune to rotting.


Message History

The water moccasin bites you but does no damage.
You punch the water moccasin!
The water moccasin is moderately wounded.
You block the water moccasin's attack. The adder bites you but does no damage.
You miss the water moccasin.
The water moccasin is moderately wounded.
You block the water moccasin's attack. You block the adder's attack.
You closely miss the water moccasin.
The water moccasin is moderately wounded.
You block the water moccasin's attack. The adder bites you but does no damage.
The water moccasin barely misses you.
You hit the water moccasin.
The water moccasin is heavily wounded.
The water moccasin bites you but does no damage.
The adder bites you but does no damage.
You closely miss the water moccasin.
The water moccasin is heavily wounded.
You block the water moccasin's attack. The adder bites you but does no damage.
The water moccasin bites you.
You die...

_..... _..... _.....
###...... .###
#⌠...........⌠#
######.8.........8.#
##∩___......# ......
###∩.....@S.8.# .8.......
#........S....###.. ......
⌠..........###...# ......
⌠..........# #.<.# ......
⌠..........###...###......
#.............###.........
###∩........8.# #.8.......
##∩___......###......__.
######.8.........8.####


You could see a water moccasin and an adder.

Vanquished Creatures
  An adder (D)
1 creature vanquished.

Notes
Turn   | Place    | Note
-------+----------+-------------------------------------------
     0 | D        | Atelerd the Gargoyle Fighter began the quest for the Orb.
     0 | D        | Reached XP level 1. HP: 14/14 MP: 1/1
     3 | D        | Found an ornate altar of the Wu Jian Council.
     3 | D        | Found an opulent altar of Gozag.
     4 | D        | Found a bloodstained altar of Trog.
     4 | D        | Found an iron altar of Okawaru.
     5 | D        | Found a glowing golden altar of the Shining One.
     5 | D        | Round 1.
     6 | D        | Found a shimmering altar of Xom.
     6 | D        | Found Ymoussou's Weapon Rack.
     6 | D        | Found Warauh's Premium Goods.
     7 | D        | Found Diffoul's Basic Armour.
     7 | D        | Found Ypho's Miscellaneous Merchandise.
    12 | D        | Found a sacrificial altar of Ru.
    23 | D        | Found a viscous altar of Jiyva.
    23 | D        | Found a roughly hewn altar of Beogh.
    25 | D        | Found Eskigamo's Identification Station.
    26 | D        | Found Dyscheo's Advanced Armour.
    26 | D        | Found Saefoor's Jewellery.
    27 | D        | Found a blossoming altar of Fedhas.
    27 | D        | Found a burning altar of Makhleb.
    27 | D        | Found a shadowy altar of Dithmenos.
    27 | D        | Found Isumoul's Delicious Food.
    44 | D        | Reached XP level 2. HP: 16/20 MP: 2/2
    47 | D        | Noticed a water moccasin
    50 | D        | Found a radiant altar of Vehumet.
    52 | D        | Found a basalt altar of Yredelemnul.
    54 | D        | Found a corrupted altar of Lugonu.
    63 | D        | HP: 1/20 [water moccasin (5)]
    71 | D        | Slain by a water moccasin

Levels and vault maps discovered:
D:        arena_sprint

Skill      XL: |  1 |
---------------+----+-----
Fighting       | 4 |  4.0
Armour         | 4 |  4.1
Shields        | 4 |  4.1
Unarmed Combat | |  2.3

Action                   || total
-------------------------++-------
Melee: Unarmed           ||    34
Armor: Scale mail        ||    19
Dodge: Dodged            ||     6
Block: Shield            ||    19

Table legend:
 A = Non-vault XP
 B = Vault XP
 C = Vault XP percentage of total XP
 D = Non-vault monster count
 E = Vault monster count
 F = Vault count percentage of total count
                 A         B        C        D         E       F
            +---------+---------+-------+---------+---------+-------
      Total |      13 |       0 |   0.0 |       1 |       0 |   0.0
            +---------+---------+-------+---------+---------+-------
          D |      13 |       0 |   0.0 |       1 |       0 |   0.0
            +---------+---------+-------+---------+---------+-------
